 Dungeon Crawl Stone Soup version 0.18-a0-1773-gec4f98e (webtiles) character file.

14 FitzyFitz the Skirmisher (level 2, 0/26 HPs)
             Began as a Draconian Warper on Apr 14, 2016.
             Slain by a worm (11 damage)
             ... on level 2 of the Dungeon.
             The game lasted 00:01:04 (854 turns).

FitzyFitz the Skirmisher (Draconian Warper)          Turns: 854, Time: 00:01:05

Health: 0/26       AC:  5    Str: 13    XL:     2   Next: 27%
Magic:  3/5        EV: 12    Int: 13    God:
Gold:   15         SH:  0    Dex: 10    Spells: 3 memorised, 0 levels left

rFire  . . .     SeeInvis .     a - +0 mace
rCold  . . .     Gourm    .     (armour unavailable)
rNeg   . . .     Faith    .     (no shield)
rPois  .         Spirit   .     (helmet restricted)
rElec  .         Dismiss  .     o - +0 cloak
rCorr  .         Reflect  .     (no gloves)
SustAt .         Harm     .     (no boots)
MR     .....                    (no amulet)
Stlth  +.........               (no ring)
                                (no ring)

@: not resistant to hostile enchantments, very unstealthy
A: unfitting armour, cold-blooded, AC +4
a: no special abilities


You were on level 2 of the Dungeon.
You were not hungry.

You visited 1 branch of the dungeon, and saw 2 of its levels.

You collected 15 gold pieces.

Inventory:

Hand Weapons
 a - a +0 mace (weapon)
 m - a +2 spear of piercing
Missiles
 d - 5 tomahawks of dispersal (quivered)
 e - 23 stones
 i - 16 sling bullets
 k - 16 poisoned needles
Armour
 o - a +0 cloak (worn)
Scrolls
 c - a scroll of blinking
 g - a scroll of identify {unknown}
 n - a scroll of enchant weapon {unknown}
Potions
 h - a potion of magic {unknown}
 l - a potion of beneficial mutation {unknown}
Books
 b - a book of Spatial Translocations

   Spells                             Type                      Level
   a - Apportation                    Translocation                1
   b - Blink                          Translocation                2
   c - Shroud of Golubria             Charms/Translocation         2
   d - Portal Projectile              Translocation                3
   e - Teleport Other                 Translocation                3
   f - Passage of Golubria            Translocation                4
Comestibles
 f - a bread ration
 j - a meat ration


   Skills:
 + Level 3.2 Fighting
 - Level 2.0 Maces & Flails
 - Level 0.8 Throwing
 - Level 2.1 Dodging
 - Level 2.0 Spellcasting
 - Level 3.0 Translocations


You couldn't memorise any spells.
You knew the following spells:

 Your Spells              Type           Power        Failure   Level  Hunger
a - Apportation           Tloc           #.........   10%         1    ##.....
b - Blink                 Tloc           N/A          12%         2    ###....
c - Shroud of Golubria    Chrm/Tloc      #.........   21%         2    ###....


Dungeon Overview and Level Annotations

Branches:
Dungeon (2/15)

Altars:


Innate Abilities, Weirdness & Mutations

Your plain brown scales are hard (AC +4).
Your body does not fit into most forms of armour.
You are cold-blooded and may be slowed by cold attacks.


Message History

Space distorts slightly along a thin shroud covering your body.
You hit the worm but do no damage. You barely miss the worm.
Your tail-slap misses the worm.
The worm bites you.
Your shroud falls apart!
You sock the worm!
The worm is heavily wounded.
The worm bites you!
You hit the worm.
The worm is heavily wounded.
The worm closely misses you.
You hit the worm.
You tail-slap the worm, but do no damage.
The worm is severely wounded.
You hit the worm.
The worm is almost dead.
The worm bites you.
You hit the worm. You tail-slap the worm.
The worm is almost dead.
The worm bites you!
You die...

#.# #. ... ###. #.# #
.#.# #)# .#.#... #.#
....... ######.##
#.... ###...#...##
..#.#..####...#..#...#
......w@....#.#.#.#.##
###(##........#.....#
#####.#######..#
#....#.....#
####.#.###.####
####.#....)....
...........####
#...<....###
########....


You could see a worm.

Vanquished Creatures
  A worm (D:2)
  2 goblins (D:1)
  2 hobgoblins (D:1)
  A kobold (D:1)
  3 bats (D:1)
9 creatures vanquished.

Notes
Turn   | Place    | Note
--------------------------------------------------------------
     0 | D:1      | FitzyFitz the Draconian Warper began the quest for the Orb.
     0 | D:1      | Reached XP level 1. HP: 17/17 MP: 3/3
   348 | D:1      | Reached XP level 2. HP: 24/26 MP: 5/5
   679 | D:2      | Learned a level 2 spell: Blink
   682 | D:2      | Learned a level 2 spell: Shroud of Golubria
   854 | D:2      | Slain by a worm

Vault maps used:
D:1:      lightli_arrival_noodles
D:2:      ecumenical_altar_2, grunt_ministairs_1, uniq_robin

Skill      XL: |  1 |
---------------+----+-----
Fighting       | 3 |  3.2
Maces & Flails | |  2.0
Throwing       | |  0.8
Dodging        | |  2.1
Spellcasting   | |  2.0
Translocations | |  3.0

Action                   || total
-------------------------++-------
Melee: Mace              ||    26
       Tailslap          ||     4
 Cast: Shroud of Golubri ||     2
 Stab: Sleeping          ||     1
Armor: Skin              ||     6
Dodge: Dodged            ||    16
